 Dungeon Crawl Stone Soup version 0.18.1-47-g9310371 (webtiles) character file.

328 nikoo the Covered (level 6, -12/55 HPs)
             Began as a Minotaur Fighter on June 23, 2016.
             Killed from afar by Ijyb the ooze (27 damage)
             ... with an exploding inner flame
             ... hexed by the player character
             ... on level 3 of the Dungeon.
             The game lasted 00:16:20 (2427 turns).

nikoo the Covered (Minotaur Fighter)                Turns: 2427, Time: 00:16:21

Health: -12/55     AC:  6    Str: 22    XL:     6   Next: 25%
Magic:  5/5        EV: 11    Int:  5    God:
Gold:   195        SH:  6    Dex: 10    Spells: 1 memorised, 4 levels left

rFire  . . .     SeeInvis .     a - +0 flail
rCold  . . .     Gourm    .     g - +0 ring mail
rNeg   . . .     Faith    .     l - +2 buckler
rPois  .         Spirit   .     (helmet restricted)
rElec  .         Dismiss  .     (no cloak)
rCorr  .         Reflect  .     (no gloves)
SustAt .         Harm     .     (no boots)
MR     .....                    (no amulet)
Stlth  ..........               (no ring)
                                (no ring)

@: not resistant to hostile enchantments, extremely unstealthy
A: retaliatory headbutt, horns 2
a: no special abilities


You were on level 3 of the Dungeon.
You were not hungry.

You visited 1 branch of the dungeon, and saw 3 of its levels.

You collected 195 gold pieces.

Inventory:

Hand Weapons
 a - a +0 flail (weapon)
Armour
 b - a +0 scale mail
 c - a +0 shield
 g - a +0 ring mail (worn)
 l - a +2 buckler (worn)
 q - a +0 scale mail
Jewellery
 j - an uncursed amulet of dismissal
Wands
 r - a wand of polymorph (2/24)
Scrolls
 h - 2 scrolls of recharging
 i - 2 scrolls of remove curse
 u - a scroll of enchant armour {unknown}
Potions
 d - a potion of might
 e - a potion of lignification
 k - a potion of ambrosia
 n - a potion of agility
Books
 p - Vehumet's Handbook of Blows and Bruises
   (You found it on level 2 of the Dungeon)

   Spells                             Type                      Level
   a - Magic Dart                     Conjuration                  1
Comestibles
 f - 2 bread rations


   Skills:
 + Level 4.8 Fighting
 + Level 4.2 Maces & Flails
 + Level 5.1 Armour
 + Level 3.0 Dodging
 + Level 4.4 Shields
 + Level 0.3 Spellcasting


You had 4 spell levels left.
You knew the following spells:

 Your Spells              Type           Power        Failure   Level  Hunger
a - Magic Dart            Conj           #...         82%         1    ##.....


Dungeon Overview and Level Annotations

Branches:
Dungeon (3/15)

Altars:
Elyvilon
Kikubaaqudgha
Sif Muna
Vehumet


Innate Abilities, Weirdness & Mutations

You reflexively headbutt those who attack you in melee.
You have a pair of horns on your head.


Message History

Ijyb closely misses you. Ijyb hits you but does no damage.
You are too injured to fight recklessly!
You are too injured to fight recklessly!
You are too injured to fight recklessly!
You block Ijyb's attack. Ijyb hits you but does no damage.
You block Ijyb's attack. Ijyb hits you but does no damage.
You are too injured to fight recklessly!
Ijyb hits you.
* * * LOW HITPOINT WARNING * * *
Ijyb completely misses you.
You are too injured to fight recklessly!
Ijyb barely misses you. You furiously retaliate!
You headbutt Ijyb! Ijyb closely misses you. Ijyb closely misses you.
You furiously retaliate!
You headbutt Ijyb!
Ijyb the ooze explodes!
The fiery explosion engulfs you!
You die...

#.#.....# #####.# #.#
#.# ## #.# #.# .# #.#
#.# .# #.# #.##.# #.#
#.#..# #.# ..#####.#.#
#.#
#......@§§######.####.##
######.§§§..............
###################


There were no monsters in sight!

Vanquished Creatures
  The ghost of Caphalor the Gusty, an amateur TeAE (D:3)
  A quasit (D:3)
  An orc wizard (D:3)
  Natasha (thrice) (D:2)
  3 adders
  A dart slug (D:1)
  A giant gecko (D:2)
  4 orcs (D:3)
  A giant cockroach (D:1)
  8 goblins
  2 hobgoblins
  6 jackals
  4 kobolds (D:2)
  2 quokkas
  2 ball pythons (D:3)
  9 bats
  4 giant newts
  7 rats
60 creatures vanquished.

Notes
Turn   | Place    | Note
--------------------------------------------------------------
     0 | D:1      | nikoo the Minotaur Fighter began the quest for the Orb.
     0 | D:1      | Reached XP level 1. HP: 19/19 MP: 0/0
   264 | D:1      | Reached XP level 2. HP: 27/27 MP: 1/1
   861 | D:1      | Found a white marble altar of Elyvilon.
   984 | D:2      | Found an ancient bone altar of Kikubaaqudgha.
   985 | D:2      | Found a deep blue altar of Sif Muna.
   989 | D:2      | Found a radiant altar of Vehumet.
   995 | D:2      | Identified Vehumet's Handbook of Blows and Bruises
  1000 | D:2      | Learned a level 1 spell: Magic Dart
  1038 | D:2      | Found a white marble altar of Elyvilon.
  1068 | D:2      | Reached XP level 3. HP: 33/34 MP: 2/2
  1370 | D:2      | Noticed Natasha
  1385 | D:2      | Killed Natasha
  1385 | D:2      | Reached skill level 4 in Armour
  1522 | D:2      | Noticed Natasha
  1528 | D:2      | Killed Natasha
  1528 | D:2      | Reached skill level 1 in Dodging
  1528 | D:2      | Reached XP level 4. HP: 36/41 MP: 3/3
  1567 | D:2      | Noticed Natasha
  1576 | D:2      | Killed Natasha
  1892 | D:3      | Noticed Caphalor's ghost (amateur TeAE)
  1899 | D:3      | Killed Caphalor's ghost
  1899 | D:3      | Reached skill level 5 in Armour
  1899 | D:3      | Reached XP level 5. HP: 30/47 MP: 4/4
  2144 | D:3      | Reached XP level 6. HP: 46/55 MP: 5/5
  2311 | D:3      | Noticed Ijyb
  2340 | D:3      | Noticed Ijyb
  2340 | D:3      | Ijyb changed into Ijyb the ooze
  2427 | D:3      | Killed Ijyb the ooze
  2427 | D:3      | Killed from afar by Ijyb the ooze

Skill      XL: |  1  2  3  4  5  6 |
---------------+-------------------+-----
Fighting       | 4 |  4.8
Armour         | 4 5 |  5.1
Shields        | 4 |  4.4
Dodging        | 1 2 3 |  3.0
Maces & Flails | 3 4 |  4.2
Spellcasting   | |  0.3

Action                   |  1- 3 |  4- 6 || total
-------------------------+-------+-------++-------
Melee: Flail             |    66 |    93 ||   159
       Headbutt          |     9 |     8 ||    17
 Cast: Magic Dart        |       |     2 ||     2
Evoke: Wand              |       |     2 ||     2
  Use: Scroll            |     2 |     9 ||    11
       Potion            |       |     2 ||     2
  Eat: Meat ration       |     1 |       ||     1
Armor: Scale mail        |    20 |    35 ||    55
       Skin              |       |     1 ||     1
       Ring mail         |       |    14 ||    14
Dodge: Dodged            |    31 |    46 ||    77
Block: Shield            |    14 |       ||    14
       Buckler           |    10 |    41 ||    51
